 Dungeon Crawl Stone Soup version 0.31-a0-948-gf5be29c462 (webtiles) character file.

Game seed: 14487087477043241715

3108 Bnni the Skirmisher (level 9, -3/81 HPs)
             Began as a Deep Elf Hunter on Oct 21, 2023.
             Was a Believer of Fedhas.
             Slain by a killer bee zombie (5 damage)
             ... in an ossuary.
             The game lasted 00:15:51 (6192 turns).

Bnni the Skirmisher (Deep Elf Hunter)               Turns: 6192, Time: 00:15:51

Health: -3/81      AC:  6    Str:  6 (8)  XL:     9   Next: 60%
Magic:  0/16       EV: 15    Int: 20 (21) God:    Fedhas [**....]
Gold:   409        SH:  0    Dex: 19 (22) Spells: 8/8 levels left

rFire   + . .        (no weapon)
rCold   + . .        (no shield)
rNeg    . . .        J - +2 leather armour {rF+}
rPois   .            (no helmet)
rElec   .            (no cloak)
rCorr   .            i - +0 pair of gloves
SInv    .            (no boots)
Will    .....        y - amulet of guardian spirit
Stlth   x              - ring of protection from cold
HPRegen 0.33/turn    g - +6 ring of intelligence
MPRegen 0.15/turn

%: guardian spirit
@: mighty, berserking (expiring), hasted, quick
A: no striking features
a: Renounce Religion, Wall of Briars


You were in an ossuary.
You worshipped Fedhas.
Fedhas was pleased with you.
You visited 2 branches of the dungeon, and saw 8 of its levels.
You also visited: Sewer and Ossuary.

You collected 409 gold pieces.

Inventory:

Hand Weapons
 a - a +0 shortbow
Missiles
 c - 4 poisoned darts
Armour
 i - a +0 pair of gloves (worn)
 j - a +1 robe of willpower
 J - a +2 leather armour of fire resistance (worn)
Jewellery
 g - a +6 ring of intelligence (right hand)
 x - a ring of protection from cold (left hand)
 y - an amulet of guardian spirit (around neck)
 C - an amulet of regeneration
Wands
 E - a wand of digging (6)
 G - a wand of polymorph (7)
Scrolls
 b - a scroll of butterflies
 d - 2 scrolls of enchant weapon {unknown}
 e - 2 scrolls of immolation
 f - a scroll of fog {unknown}
 l - a scroll of vulnerability {unknown}
 n - a scroll of torment {unknown}
 o - a scroll of amnesia {unknown}
 r - 2 scrolls of teleportation {unknown}
 t - a scroll of identify {unknown}
 u - a scroll of summoning {unknown}
 w - a scroll of silence {unknown}
 A - a scroll of blinking {unknown}
 D - a scroll of enchant armour {unknown}
 F - a scroll of brand weapon {unknown}
 H - a scroll of noise {unknown}
Potions
 h - a potion of curing
 m - a potion of degeneration
 p - a potion of resistance {unknown}
 q - a potion of might
 s - a potion of heal wounds {unknown}
 v - 2 potions of haste
 z - 2 potions of attraction {unknown}
 B - a potion of invisibility {unknown}
 I - a potion of cancellation {unknown}


   Skills:
 + Level 5.0 Fighting
 * Level 12.1 Ranged Weapons
 + Level 7.3 Dodging
 - Level 1.2 Stealth
 * Level 7.0 Invocations


You had 8 spell levels left.
You didn't know any spells.
Your spell library contained the following spells:

 Spells                   Type           Power      Damage    Failure   Level
 Freeze                   Ice            0%         1d3       30%         1
 Magic Dart               Conj           0%         1d3       30%         1
 Call Imp                 Summ           0%         N/A       41%         2
 Poisonous Vapours        Pois/Air       0%         N/A       41%         2
 Mephitic Cloud           Conj/Pois/Air  0%         N/A       65%         3
 Ozocubu's Armour         Ice            0%         N/A       65%         3
 Arcjolt                  Conj/Air       0%         1d10      100%        5
 Plasma Beam              Fire/Air       0%         2x1d10    100%        6


Dungeon Overview and Level Annotations

Branches:
Dungeon (7/15)             Temple (1/1) D:4           Sewer (visited)
Ossuary (1/1)

Altars:
Ashenzari
Cheibriados
Dithmenos
Fedhas
Gozag
Hepliaklqana
Kikubaaqudgha
Makhleb
Nemelex Xobeh
Okawaru
Qazlal
Ru
Sif Muna
Trog
Uskayaw
Vehumet
Wu Jian
Xom
Yredelemnul
Zin
The Shining One

Annotations:
D:4 3 runed translucent doors, Madon's ghost, amateur FeSu; Salticidae's ghost, amateur BaHu; YoungGLord's ghost, novice GrEE


Message History

The mummy is struck by your briar patch's thorns.
The mummy hits your briar patch but does no damage.
The mummy hits you but does no damage.
The bullfrog zombie hits you but does no damage.
The wyvern zombie is struck by your briar patch's thorns.
The wyvern zombie is destroyed!
Fedhas accepts your kill.
Your Invocations skill increases to level 7!
Your unstable footing causes you to fumble your attack.
The killer bee zombie closely misses you.
Unknown command.
You punch the mummy!
The mummy is severely damaged.
The killer bee zombie hits you but does no damage.
The bullfrog zombie hits you but does no damage.
The mummy closely misses you.
Unknown command.
You punch the mummy!
You destroy the mummy!
Fedhas accepts your kill. The bullfrog zombie hits you.
* * * LOW HITPOINT WARNING * * *
A mummy comes into view.
Unknown command.
Your unstable footing causes you to fumble your attack.
The bullfrog zombie barely misses you.
Unknown command.
Your unstable footing causes you to fumble your attack.
The killer bee zombie hits you but does no damage.
The bullfrog zombie hits you but does no damage.
Unknown command.
Your unstable footing causes you to fumble your attack.
The killer bee zombie misses you.
The bullfrog zombie completely misses you.
Unknown command.
You hit the mummy.
The mummy is severely damaged.
The killer bee zombie hits you.
You die...
Fedhas appreciates your contribution to the ecosystem.

# #≈ ###### ≈≈ ##
###≈#≈≈## #≈#≈
#≈≈#≈##≈#
#≈~≈###≈~#~#≈#
#.#.#Z@P~.#.~.##
#~.~~~ZPM~.~~~.~##
.~..~..~M..~~.~..#
##M#####Z#####~###
+ #~#...#~'.#
#.#.∩.'.###
#~#∩..#.+
#.#####.# ~~~ '.'


You could see 3 mummies, 2 bullfrog zombies and a killer bee zombie (ally
target).

Vanquished Creatures
  Prince Ribbit (D:5)
  Sigmund (D:4)
  Edmund (D:6)
  A water moccasin (D:7)
  Duvessa (D:5)
  2 ice beasts
  2 black bears
  An ogre (D:3)
  A phantom (D:5)
  A kobold brigand (D:7)
  3 bullfrogs
  8 scorpions
  A water moccasin zombie (Ossuary)
  Dowan (D:5)
  A howler monkey (D:6)
  A bullfrog zombie (Ossuary)
  4 orc priests
  4 hounds
  2 iguanas
  3 orc wizards
  Ijyb (D:4)
  5 mummies (Ossuary)
  6 gnolls
  2 river rats
  7 adders
  2 ufetubi (D:7)
  7 worms
  3 dart slugs
  16 orcs
  10 ball pythons
  5 bats
  10 endoplasms
  21 giant cockroaches
  9 goblins
  3 hobgoblins
  9 jackals
  15 kobolds
  2 quokkas
  4 frilled lizards
  5 rats
182 creatures vanquished.

Vanquished Creatures (collateral kills)
  2 wyvern zombies (Ossuary)
  A centaur zombie (Ossuary)
  A bullfrog zombie (Ossuary)
  A mummy (Ossuary)
5 creatures vanquished.

Grand Total: 187 creatures vanquished

Notes
Turn   | Place    | Note
-------+----------+-------------------------------------------
     0 | D:1      | Bnni the Deep Elf Hunter began the quest for the Orb.
     0 | D:1      | Reached XP level 1. HP: 12/12 MP: 3/3
    98 | D:1      | Reached XP level 2. HP: 17/17 MP: 4/4
   523 | D:1      | Got the Handbook of the Cold Sixfirhy
   628 | D:2      | Reached skill level 6 in Ranged Weapons
   632 | D:2      | Reached XP level 3. HP: 19/21 MP: 5/5
  1191 | D:3      | Reached XP level 4. HP: 26/26 MP: 6/6
  1263 | D:3      | Found a glowing drain.
  1287 | Sewer    | Entered a sewer
  1502 | Sewer    | Reached skill level 7 in Ranged Weapons
  1559 | D:3      | Noticed an ogre
  1676 | D:3      | Reached XP level 5. HP: 31/31 MP: 7/7
  2224 | D:3      | Killed an ogre
  2268 | D:4      | Reached XP level 6. HP: 26/36 MP: 5/8
  2323 | D:4      | Found a runed translucent gate.
  2323 | D:4      | Found a runed translucent gate.
  2323 | D:4      | Found a runed translucent gate.
  2329 | D:4      | Noticed Salticidae's ghost (amateur BaHu)
  2329 | D:4      | Noticed Madon's ghost (amateur FeSu)
  2330 | D:4      | Noticed YoungGLord's ghost (novice GrEE)
  2404 | D:4      | Noticed Sigmund
  2434 | D:4      | Killed Sigmund
  2435 | D:4      | Reached skill level 8 in Ranged Weapons
  2625 | D:4      | Reached skill level 5 in Dodging
  2625 | D:4      | Reached XP level 7. HP: 37/41 MP: 7/9
  2685 | D:4      | Found a staircase to the Ecumenical Temple.
  2699 | Temple   | Entered the Ecumenical Temple
  2715 | Temple   | Became a worshipper of Fedhas Madash
  2978 | D:4      | Noticed Ijyb
  2985 | D:4      | Paralysed by Ijyb for 2 turns
  2988 | D:4      | Killed Ijyb
  2989 | D:4      | Reached skill level 1 in Invocations
  3192 | D:4      | Reached skill level 9 in Ranged Weapons
  3284 | D:5      | Entered Level 5 of the Dungeon
  3908 | D:5      | Reached XP level 8. HP: 48/48 MP: 12/12
  3959 | D:5      | Noticed Dowan
  3961 | D:5      | Noticed Duvessa
  3985 | D:5      | Killed Duvessa
  3986 | D:5      | Reached skill level 10 in Ranged Weapons
  3988 | D:5      | Killed Dowan
  4029 | D:5      | Reached * piety under Fedhas
  4235 | D:5      | Noticed Prince Ribbit
  4247 | D:5      | Killed Prince Ribbit
  4434 | D:5      | Reached skill level 5 in Invocations
  4668 | D:6      | Noticed Edmund
  4692 | D:6      | Killed Edmund
  4693 | D:6      | Reached skill level 11 in Ranged Weapons
  4846 | D:6      | Reached XP level 9. HP: 47/52 MP: 11/15
  5680 | D:7      | Reached ** piety under Fedhas
  6085 | D:7      | Found a sand-covered staircase.
  6089 | Ossuary  | Entered an ossuary
  6155 | Ossuary  | Reached skill level 5 in Fighting
  6173 | Ossuary  | Reached skill level 12 in Ranged Weapons
  6183 | Ossuary  | HP: 4/81 [killer bee zombie (4)]
  6188 | Ossuary  | HP: 1/81 [bullfrog zombie (4)]
  6192 | Ossuary  | Slain by a killer bee zombie

Illustrated notes

Levels and vault maps discovered:
D:1:      dreamdust_arrival_beginning_and_end, layout_loops_ring
D:2:      layout_rooms
D:3:      minmay_roachtagon, layout_basic, portal_sewer_entry_f
D:4:      layout_loops_ring, minmay_temple_entry_stoned_glass,
          gammafunk_ghost_cemetery, uniq_sigmund, uniq_ijyb
D:5:      layout_basic, minivault_19, uniq_prince_ribbit1, uniq_duvessa
D:6:      layout_gridville, uniq_edmund
D:7:      layout_loops_ring, enter_ossuary_5, dk_noncrumbling_4, kennysheep_dice
Temple:   roderic_octagonal_lattice_temple
Ossuary:  ossuary_zaba_flooded

Skill      XL: |  1  2  3  4  5  6  7  8  9 |
---------------+----------------------------+-----
Ranged Weapons | 6 7 8 9 11 12 | 12.1
Dodging        | 3 4 5 6 7 |  7.3
Fighting       | 2 3 4 5 |  5.0
Invocations    | 3 5 7 |  7.0
Stealth        | |  1.2

Action                     |  1- 3 |  4- 6 |  7- 9 || total
---------------------------+-------+-------+-------++-------
  Melee: Unarmed           |       |       |    14 ||    14
   Fire: Shortbow          |    93 |   208 |   458 ||   759
  Throw: Dart              |       |     2 |     5 ||     7
 Invoke: Wall of Briars    |       |       |     2 ||     2
  Evoke: Wand              |       |       |     8 ||     8
    Use: Scroll            |       |     1 |       ||     1
         Potion            |       |       |     6 ||     6
 Armour: Leather armour    |    23 |    45 |    42 ||   110
         Robe              |       |     3 |   103 ||   106
  Dodge: Dodged            |    26 |    79 |   202 ||   307

Table legend: (Time is in decaauts)
 A = Elapsed time spent in this place.
 B = Non-inter-level travel time spent in this place.
 C = Inter-level travel time spent in this place.
 D = Time resting spent in this place.
 E = Time spent auto-exploring this place.
 F = Levels seen in this place.
 G = Mean time per level.
                   A        B        C        D        E       F      G
               +--------+--------+--------+--------+--------+-----+--------+
         Total |   6233 |   5876 |    357 |    188 |   4154 |  10 |  623.3 |
       Dungeon |   5795 |   5468 |    327 |    188 |   3981 |   7 |  827.9 |
        Temple |     32 |      2 |     30 |      0 |      0 |   1 |   32.0 |
         Sewer |    306 |    306 |      0 |      0 |    173 |   1 |  306.0 |
       Ossuary |     98 |     98 |      0 |      0 |      0 |   1 |   98.0 |
               +--------+--------+--------+--------+--------+-----+--------+

Top non-repeatable levels by time:
     D:5: 1391 daAuts
     D:4: 1017 daAuts
     D:3: 865 daAuts
     D:6: 812 daAuts
     D:1: 628 daAuts
     D:7: 555 daAuts
     D:2: 524 daAuts
   Sewer: 306 daAuts
 Ossuary: 98 daAuts
  Temple: 32 daAuts
